 Dungeon Sprint DCSS version 0.22.1-1-ga44c0e5 (webtiles) character file.

12700000 Jamjie98 the Demonspawn of Death (level 27, -28/249 HPs)
             Began as a Demonspawn Necromancer on Oct 1, 2018.
             Was the Champion of Makhleb.
             Killed from afar by a scourge (59 damage)
             ... with a poison arrow
             ... in the Dungeon (Sprint VIII: "Arena of Blood").
             The game lasted 00:08:08 (127 turns).

Jamjie98 the Demonspawn of Death (DsNe)              Turns: 127, Time: 00:08:09

Health: -28/249    AC:  8    Str: 12    XL:     27
Magic:  0/54       EV: 35    Int: 19    God:    Makhleb [******]
Gold:   0          SH:  0    Dex: 21    Spells: 79/80 levels left

rFire    . . .     SeeInvis .   b - +∞ Axe of Woe
rCold    . . .     Gourm    .   (shield currently unavailable)
rNeg     + . .     Faith    .   a - +0 robe
rPois    .         Spirit   +   (helmet unavailable)
rElec    +         Reflect  .   (no cloak)
rCorr    .         Harm     .   (no gloves)
MR       ++...     NoTele   +   (no boots)
Stlth    +++++++++.             (no amulet)
HPRegen  0.51/turn              j - +30 ring of slaying
MPRegen  0.68/turn              k - +30 ring of slaying

@: lethally poisoned (-28 -> -96), slowed, very slow
A: horns 3, thin metallic scales 3, foul stench 2, negative energy resistance 1,
50% torment resistance, magic shield, magic regeneration, magic link, black
mark, rot immunity
a: Minor Destruction, Lesser Servant of Makhleb, Major Destruction, Greater
Servant of Makhleb, Renounce Religion


You were in the Dungeon.
You worshipped Makhleb.
Makhleb was exalted by your worship.
You were not hungry.

You visited 1 branch

Inventory:

Hand Weapons
 b - the +∞ Axe of Woe (weapon)
   (You found it in the Dungeon)
Armour
 a - a +0 robe (worn)
Jewellery
 e - a +400 ring of slaying
 j - a +30 ring of slaying (left hand)
 k - a +30 ring of slaying (right hand)
Scrolls
 i - a scroll of blinking
Potions
 d - a potion of curing
 g - 2 potions of magic
Comestibles
 c - a ration


   Skills:
 O Level 27 Fighting
 O Level 27 Axes
 O Level 27 Throwing
 O Level 27 Armour
 O Level 27 Dodging
 O Level 27 Stealth
 O Level 27 Unarmed Combat
 O Level 27 Spellcasting
 O Level 27 Necromancy
 O Level 27 Invocations


You had 79 spell levels left.
You knew the following spells:

 Your Spells              Type           Power        Failure   Level  Hunger
a - Pain                  Necr           ####         0%          1    None

Your spell library contained the following spells:

 Spells                   Type           Power        Failure   Level  Hunger
 Animate Skeleton         Necr           N/A          0%          1    None
 Regeneration             Chrm/Necr      ######....   0%          3    None
 Vampiric Draining        Necr           #######...   0%          3    None
 Animate Dead             Necr           N/A          0%          4    None


Dungeon Overview and Level Annotations

Branches:
Dungeon (1/1)

Altars:
Makhleb


Innate Abilities, Weirdness & Mutations

You have a pair of large horns on your head.
You are completely covered in thin metallic scales. (AC +4, rElec)
You frequently emit foul miasma when damaged in melee.
You resist negative energy. (rN+)
You are somewhat able to resist unholy torments (1 in 2 success).
When hurt, damage is shared between your health and your magic reserves.
You regenerate magic rapidly.
When low on magic, you restore magic in place of health.
Your melee attacks may debilitate your foes.
You are immune to rotting.


Message History

The scourge throws poison arrow at you. The poison arrow misses you.
The poison arrow hits the accursed.
The accursed partially resists.
You hear a shout! x2
A bag of meat comes into view. It is wielding a +9 war axe.
Things that are here:
a +9 battleaxe; a +30 ring of slaying; a meat berserker corpse You feel very sick.
You hear a shout! x3
The scourge throws poison arrow at you. The poison arrow hits you!
You are more poisoned.
The sculptor of flesh hits you with a +9 great sword!!!!
* * * LOW HITPOINT WARNING * * *
You emit a cloud of foul miasma!
You hear a shout!
The scourge throws poison arrow at you. The poison arrow hits you!
You are more poisoned.
You die...

.... .. .....##. #.#
### ........ .. .....
###.....##.##...%%..o
.....................
..........#.#.......
.....S............###
#.......§)...........
#..O%z@)M.p..§......
..........))§))......
..........)))§§.%....
....o#...))))#o......
..o..#...))))#.......
...###....)))###%....
........###))....%...
#.......%_)))........
....#..)))#.......#


You could see an accursed, a scourge, a fleshlord, a sculptor of flesh, a meat
berserker (berserk) and 3 bags of meat.

Vanquished Creatures
  A hell knight (D)
  Sigmund (D)
  6 hell beasts (D)
  Edmund (D)
  5 greater mummies (D)
  3 great orbs of eyes (D)
  5 wraiths (D)
  12 vampire knights (D)
  32 ogres (D)
  4 two-headed ogres (D)
  3 liches (D)
  4 hydras (D)
  75 orcs (D)
  4 phantoms (D)
  8 skeletal warriors (D)
  4 sea snakes (D)
  6 large abominations (D)
  11 small abominations (D)
  16 crawling corpses (D)
201 creatures vanquished.

Vanquished Creatures (others)
  A hydra (D)
  7 crawling corpses (D)
8 creatures vanquished.

Grand Total: 209 creatures vanquished

Notes
Turn   | Place    | Note
-------+----------+-------------------------------------------
     0 | D        | Found the +∞ Axe of Woe
     0 | D        | Jamjie98 the Demonspawn Necromancer began the quest for the
                  | Orb.
     0 | D        | Reached XP level 1. HP: 13/13 MP: 3/3
     2 | D        | Noticed a bag of meat
     3 | D        | Noticed a bag of meat
     4 | D        | Became a worshipper of Makhleb the Destroyer
     4 | D        | Noticed a bag of meat
     4 | D        | Noticed a bag of meat
     5 | D        | Noticed a bag of meat
     6 | D        | Noticed a meat berserker
     7 | D        | Noticed a meat berserker
     8 | D        | Killed a bag of meat
     8 | D        | Gained mutation: You are partially covered in thin metallic
                  | scales. (AC +2) [demonic ancestry]
     8 | D        | Reached XP level 2. HP: 19/19 MP: 3/11
     8 | D        | Reached XP level 3. HP: 24/24 MP: 3/13
     8 | D        | Reached XP level 4. HP: 30/30 MP: 3/14
     8 | D        | Gained mutation: You are mostly covered in thin metallic
                  | scales. (AC +3) [demonic ancestry]
     8 | D        | Reached XP level 5. HP: 35/35 MP: 3/16
     8 | D        | Reached XP level 6. HP: 41/41 MP: 3/17
     8 | D        | Gained mutation: You have a pair of small horns on your
                  | head. [demonic ancestry]
     8 | D        | Reached XP level 7. HP: 46/46 MP: 3/19
     8 | D        | Gained mutation: You are completely covered in thin
                  | metallic scales. (AC +4, rElec) [demonic ancestry]
     8 | D        | Reached XP level 8. HP: 52/52 MP: 3/20
     8 | D        | Gained mutation: When hurt, damage is shared between your
                  | health and your magic reserves. [demonic ancestry]
     8 | D        | Reached XP level 9. HP: 57/57 MP: 3/21
     8 | D        | Gained mutation: You regenerate magic rapidly. [demonic
                  | ancestry]
     8 | D        | Reached XP level 10. HP: 63/63 MP: 3/22
     8 | D        | Gained mutation: When low on magic, you restore magic in
                  | place of health. [demonic ancestry]
     8 | D        | Reached XP level 11. HP: 68/68 MP: 3/23
     8 | D        | Killed a meat berserker
     8 | D        | Reached * piety under Makhleb
     8 | D        | Reached skill level 27 in Necromancy
     8 | D        | Reached XP level 12. HP: 74/74 MP: 3/29
     8 | D        | Reached XP level 13. HP: 79/79 MP: 3/30
     9 | D        | Killed a bag of meat
     9 | D        | Reached skill level 10 in Axes
     9 | D        | Reached skill level 15 in Spellcasting
     9 | D        | Reached XP level 14. HP: 86/91 MP: 2/33
     9 | D        | Noticed a bag of meat
    10 | D        | Killed a meat berserker
    10 | D        | Reached skill level 5 in Fighting
    10 | D        | Reached XP level 15. HP: 97/103 MP: 4/36
    10 | D        | Reached ** piety under Makhleb
    10 | D        | Reached skill level 15 in Axes
    11 | D        | Gained mutation: You are immune to rotting. [demonic
                  | ancestry]
    11 | D        | Reached XP level 16. HP: 109/115 MP: 5/39
    14 | D        | Noticed a meat berserker
    16 | D        | Reached *** piety under Makhleb
    18 | D        | Noticed a destroyer
    19 | D        | Reached skill level 10 in Fighting
    19 | D        | Reached XP level 17. HP: 104/129 MP: 9/42
    19 | D        | Killed a meat berserker
    19 | D        | Reached **** piety under Makhleb
    20 | D        | Killed a destroyer
    20 | D        | Reached skill level 27 in Axes
    20 | D        | Reached XP level 18. HP: 148/148 MP: 9/45
    20 | D        | Noticed a meat berserker
    21 | D        | Noticed a destroyer
    22 | D        | Killed a destroyer
    22 | D        | Gained mutation: You have a pair of horns on your head.
                  | [demonic ancestry]
    22 | D        | Reached XP level 19. HP: 165/165 MP: 10/49
    23 | D        | Reached ***** piety under Makhleb
    24 | D        | Reached skill level 27 in Spellcasting
    25 | D        | Killed a meat berserker
    25 | D        | Reached skill level 27 in Dodging
    28 | D        | Reached skill level 27 in Stealth
    28 | D        | Reached XP level 20. HP: 196/196 MP: 15/51
    34 | D        | Reached skill level 27 in Fighting
    34 | D        | Noticed a meat berserker
    35 | D        | Noticed a destroyer
    37 | D        | Noticed a meat berserker
    38 | D        | Noticed an eight-headed meat hydra
    40 | D        | Killed a meat berserker
    40 | D        | Reached skill level 15 in Invocations
    41 | D        | Noticed a destroyer
    41 | D        | Noticed a large bag of meat
    42 | D        | Noticed a meat berserker
    42 | D        | Noticed a meat berserker
    42 | D        | Noticed a destroyer
    42 | D        | Noticed a meat berserker
    43 | D        | Noticed a destroyer
    44 | D        | Killed a destroyer
    44 | D        | Reached skill level 27 in Invocations
    44 | D        | Gained mutation: You have a pair of large horns on your
                  | head. [demonic ancestry]
    44 | D        | Reached XP level 21. HP: 115/204 MP: 5/52
    44 | D        | Killed a destroyer
    46 | D        | Killed a destroyer
    46 | D        | Gained mutation: You may emit foul miasma when damaged in
                  | melee. [demonic ancestry]
    46 | D        | Reached XP level 22. HP: 118/212 MP: 2/53
    46 | D        | Reached ****** piety under Makhleb
    47 | D        | Killed a large bag of meat
    48 | D        | Noticed a destroyer
    50 | D        | Noticed a destroyer
    50 | D        | Killed a destroyer
    53 | D        | Noticed a destroyer
    56 | D        | Gained mutation: You resist negative energy. (rN+) [demonic
                  | ancestry]
    56 | D        | Reached XP level 23. HP: 190/219 MP: 0/54
    56 | D        | Killed a destroyer
    56 | D        | Reached skill level 27 in Throwing
    56 | D        | Reached skill level 27 in Armour
    56 | D        | Reached skill level 27 in Unarmed Combat
    56 | D        | Noticed a destroyer
    57 | D        | Killed a destroyer
    60 | D        | Killed a destroyer
    60 | D        | Gained mutation: You are somewhat able to resist unholy
                  | torments (1 in 2 success). [demonic ancestry]
    60 | D        | Reached XP level 24. HP: 227/227 MP: 1/54
    60 | D        | Noticed a large bag of meat
    61 | D        | Noticed a dread
    61 | D        | Noticed a dread
    62 | D        | Noticed a destroyer
    64 | D        | Killed a dread
    65 | D        | Killed a dread
    65 | D        | Gained mutation: Your melee attacks may debilitate your
                  | foes. [demonic ancestry]
    65 | D        | Reached XP level 25. HP: 234/234 MP: 3/54
    67 | D        | Noticed The Captor
    69 | D        | Killed a destroyer
    70 | D        | Noticed a dread
    73 | D        | Noticed a meat beast
    75 | D        | Killed a large bag of meat
    75 | D        | Noticed an accursed
    76 | D        | Reached XP level 26. HP: 242/242 MP: 3/54
    76 | D        | Killed a destroyer
    76 | D        | Noticed a large bag of meat
    77 | D        | Killed a meat beast
    77 | D        | Gained mutation: You frequently emit foul miasma when
                  | damaged in melee. [demonic ancestry]
    77 | D        | Reached XP level 27. HP: 249/249 MP: 4/54
    81 | D        | Noticed a meat beast
    83 | D        | Killed a dread
    84 | D        | Killed The Captor
    84 | D        | Noticed a meat beast
    85 | D        | Killed an accursed
    86 | D        | Killed a large bag of meat
    88 | D        | Killed a meat beast
    90 | D        | Noticed an accursed
    90 | D        | Noticed a meat beast
    91 | D        | Noticed a tyrant
    91 | D        | Noticed an accursed
    92 | D        | Noticed a meat beast
    93 | D        | Noticed a large bag of meat
    93 | D        | Noticed a destroyer
    96 | D        | Noticed a tyrant
    96 | D        | Noticed a meat beast
    97 | D        | Noticed a dread
    98 | D        | Killed an accursed
    98 | D        | Noticed a meat beast
    98 | D        | Noticed The Defiler
    98 | D        | Noticed a tyrant
    99 | D        | Killed a destroyer
    99 | D        | Killed a meat beast
   100 | D        | Killed a meat beast
   100 | D        | Killed a meat beast
   101 | D        | Noticed an accursed
   102 | D        | Killed an accursed
   103 | D        | Killed a meat beast
   103 | D        | Noticed an accursed
   106 | D        | Killed a tyrant
   106 | D        | Killed a dread
   107 | D        | Killed a tyrant
   107 | D        | Killed The Defiler
   107 | D        | Killed a large bag of meat
   109 | D        | Killed a tyrant
   112 | D        | Killed an accursed
   113 | D        | Noticed an accursed
   115 | D        | Noticed a dread
   119 | D        | Noticed a fleshlord
   119 | D        | Noticed a fleshlord
   121 | D        | Killed an accursed
   121 | D        | Killed a dread
   121 | D        | Killed a fleshlord
   127 | D        | Killed from afar by a scourge

Skill      XL: |  1  2  3  4  5  6  7  8  9 10 11 12 13 14 15 16 17 18 19 20 21 22 23 |
---------------+----------------------------------------------------------------------+-----
Axes           | 4 8 10 14 18 22 27 | 27.0
Dodging        | 8 13 14 17 19 21 23 25 27 | 27.0
Stealth        | 7 12 14 16 18 19 21 23 27 | 27.0
Spellcasting   | 8 13 15 17 19 21 23 26 27 | 27.0
Necromancy     | 24 27 | 27.0
Fighting       | 2 5 7 10 14 18 26 27 | 27.0
Throwing       | 11 22 26 27 | 27.0
Armour         | 11 22 26 27 | 27.0
Unarmed Combat | 11 22 26 27 | 27.0
Invocations    | 27 | 27.0

Action                   |  1- 3 |  4- 6 |  7- 9 | 10-12 | 13-15 | 16-18 | 19-21 | 22-24 | 25-27 || total
-------------------------+-------+-------+-------+-------+-------+-------+-------+-------+-------++-------
Melee: Executioner's axe |     1 |       |       |       |     3 |     6 |     8 |    14 |    48 ||    80
Invok: Greater Servant o |       |       |       |       |       |       |     1 |       |       ||     1
  Use: Potion            |       |       |       |       |       |       |     2 |     1 |       ||     3
Armor: Robe              |       |       |       |       |       |       |     1 |     2 |     2 ||     5
Dodge: Dodged            |       |       |       |       |     1 |     1 |     2 |     3 |    17 ||    24
